 Dungeon Crawl Stone Soup version 0.26-a0-660-gc07710193c (webtiles) character file.

Game seed: 2064776481795721933

61 smeego the Skirmisher (level 4, -3/46 HPs)
             Began as an Octopode Fighter on Oct 7, 2020.
             Slain by an orc
             ... wielding a +0 flail
              (7 damage)
             ... on level 3 of the Dungeon.
             The game lasted 00:01:15 (2092 turns).

smeego the Skirmisher (Octopode Fighter)            Turns: 2092, Time: 00:01:16

Health: -3/46      AC:  1    Str: 15    XL:     4   Next: 7%
Magic:  4/4        EV: 11    Int: 11    God:
Gold:   97         SH:  8    Dex: 11    Spells: 3/3 levels left

rFire    . . .     SeeInvis .   a - +0 long sword
rCold    . . .     Faith    .   b - +0 kite shield
rNeg     . . .     Spirit   .   (helmet restricted)
rPois    .         Reflect  .   (no amulet)
rElec    .         Harm     .   (no ring)
rCorr    .         Rampage  .   (no ring)
MR       .....                  (no ring)
Stlth    ..........             (no ring)
HPRegen  0.15/turn              (no ring)
MPRegen  0.09/turn              (no ring)
                                (no ring)
                                (no ring)

@: berserking, very quick
A: almost no armour, stealthy swim, amphibious, 8 rings, constrict 8, camouflage
1, gelatinous body 1
a: no special abilities


You were on level 3 of the Dungeon.
You visited 1 branch of the dungeon, and saw 3 of its levels.

You collected 97 gold pieces.

Inventory:

Hand Weapons
 a - a +0 long sword (weapon)
Missiles
 n - 17 poisoned darts (quivered)
Armour
 b - a +0 kite shield (worn)
Jewellery
 o - an uncursed ring of see invisible {unknown}
 p - a cursed -4 ring of intelligence {unknown}
Scrolls
 e - 2 scrolls of amnesia {unknown}
 f - a scroll of noise {unknown}
 g - a scroll of teleportation {unknown}
 h - 2 scrolls of identify {unknown}
 i - 2 scrolls of enchant weapon {unknown}
 j - a scroll of magic mapping {unknown}
 k - 2 scrolls of blinking {unknown}
 l - a scroll of remove curse {unknown}
 m - a scroll of enchant armour {unknown}
Potions
 c - 2 potions of might
 q - a potion of haste {unknown}


   Skills:
 + Level 3.2 Fighting
 * Level 2.9 Long Blades
 + Level 0.8 Throwing
 + Level 3.1 Dodging
 + Level 1.6 Stealth
 + Level 3.2 Shields
 + Level 0.9 Unarmed Combat


You had 3 spell levels left.
You didn't know any spells.
Your spell library was empty.

Dungeon Overview and Level Annotations

Branches:
Dungeon (3/15)

Altars:
Hepliaklqana


Innate Abilities, Weirdness & Mutations

You cannot wear most types of armour.
You are very stealthy in the water. (Stealth+)
You are amphibious.
You can wear up to eight rings at the same time.
You can use your tentacles to constrict eight enemies at once.
Your skin changes colour to match your surroundings (Stealth+).
Your rubbery body absorbs attacks. (AC +1, EV +1)


Message History

You kill the orc!
You have reached level 4!
The jackal bites you but does no damage.
An orc comes into view. It is wielding a +0 flail.
You closely miss the jackal. Your grab misses the jackal.
You block the jackal's attack. The jackal bites you.
* * * LOW HITPOINT WARNING * * *
You barely miss the jackal. Your grab misses the jackal. The jackal bites you.
* * * LOW HITPOINT WARNING * * *
You closely miss the jackal. Your grab misses the jackal.
You squeeze the jackal.
You kill the jackal!
You closely miss the orc. You grab the orc. You squeeze the orc.
You kill the orc!
The orc closely misses you. You block the hobgoblin's attack.
You see here a cursed -2 mace.
You closely miss the orc. You grab the orc.
You constrict the orc, but do no damage.
The orc hits you with a +0 flail!
You die...

.## #g# .o# #.# #
#######o# ..
#...>)#h#
...#.###@#.####...
... #ogo.......
...#.###..#)###...
.....#....†###.##
#### ###..## #.#
#...## .##
#######.#.#
#........##### #
#.####.......#


You could see 2 orcs and a hobgoblin.

Vanquished Creatures
  An adder (D:2)
  2 worms (D:2)
  2 leopard geckos
  4 orcs (D:3)
  4 ball pythons
  2 bats
  A giant cockroach (D:1)
  2 goblins (D:1)
  6 hobgoblins
  4 jackals (D:3)
  4 frilled lizards
  3 kobolds (D:1)
  3 rats
38 creatures vanquished.

Vanquished Creatures (others)
  5 plants (D:3)
5 creatures vanquished.

Grand Total: 43 creatures vanquished

Notes
Turn   | Place    | Note
-------+----------+-------------------------------------------
     0 | D:1      | smeego the Octopode Fighter began the quest for the Orb.
     0 | D:1      | Reached XP level 1. HP: 16/16 MP: 1/1
   574 | D:1      | Reached XP level 2. HP: 21/21 MP: 2/2
  1316 | D:2      | Reached skill level 1 in Stealth
  1693 | D:2      | Reached XP level 3. HP: 25/26 MP: 3/3
  1942 | D:3      | Found a hazy altar of Hepliaklqana.
  2086 | D:3      | Reached XP level 4. HP: 6/31 MP: 4/4
  2092 | D:3      | Slain by an orc

Illustrated notes

Levels and vault maps discovered:
D:1:      matt_arrival_spirals, layout_basic
D:2:      minmay_diamond_boxcup, layout_loops_ring
D:3:      layout_loops_cross, tgw_xom, lemuel_doored_altar,
          chequers_ecumenical_altar_lobes

Skill      XL: |  1  2 |
---------------+-------+-----
Stealth        | 1 |  1.6
Fighting       | |  3.2
Long Blades    | |  2.9
Throwing       | |  0.8
Dodging        | |  3.1
Shields        | |  3.2
Unarmed Combat | |  0.9

Action                   |  1- 3 |  4- 6 || total
-------------------------+-------+-------++-------
Melee: Long sword        |    65 |     5 ||    70
       Constrict         |    17 |     2 ||    19
       Tentacles         |    12 |     2 ||    14
       Punch             |     1 |       ||     1
  Use: Potion            |     1 |       ||     1
 Stab: Sleeping          |    10 |       ||    10
Armor: Skin              |     1 |     1 ||     2
Dodge: Dodged            |    27 |     1 ||    28
Block: Kite shield       |    31 |     2 ||    33
       Rpst.: Long sword |     8 |       ||     8

Table legend: (Time is in decaauts)
 A = Elapsed time spent in this place.
 B = Non-inter-level travel time spent in this place.
 C = Inter-level travel time spent in this place.
 D = Time resting spent in this place.
 E = Time spent auto-exploring this place.
 F = Levels seen in this place.
 G = Mean time per level.
                   A        B        C        D        E       F      G
               +--------+--------+--------+--------+--------+-----+--------+
         Total |   2113 |   2060 |     53 |      0 |   1848 |   3 |  704.3 |
       Dungeon |   2113 |   2060 |     53 |      0 |   1848 |   3 |  704.3 |
               +--------+--------+--------+--------+--------+-----+--------+

Top non-repeatable levels by time:
     D:1: 1092 daAuts
     D:2: 761 daAuts
     D:3: 259 daAuts
